 Dungeon Crawl Stone Soup version 0.24-a0-312-g16217b4 (webtiles) character file.

Game seed: 12963864771624539634

21 mhoghedin the Changer (level 2, 0/22 HPs)
             Began as a Demigod Transmuter on May 15, 2019.
             Slain by a kobold
             ... wielding a +0 short sword
              (7 damage)
             ... on level 1 of the Dungeon.
             The game lasted 00:01:38 (579 turns).

mhoghedin the Changer (Demigod Transmuter)           Turns: 579, Time: 00:01:39

Health: 0/22       AC:  2    Str: 13    XL:     2   Next: 45%
Magic:  7/7        EV: 12    Int: 17    God:
Gold:   51         SH:  0    Dex: 16    Spells: 1/4 levels left

rFire    . . .     SeeInvis .   e - +0 dagger
rCold    . . .     Gourm    .   (no shield)
rNeg     . . .     Faith    .   b - +0 robe
rPois    .         Spirit   .   (no helmet)
rElec    .         Reflect  .   (no cloak)
rCorr    .         Harm     +   (no gloves)
MR       .....                  (no boots)
Stlth    +.........             f - amulet of harm
HPRegen  0.07/turn              (no ring)
MPRegen  0.10/turn              (no ring)

@: appendage (expiring)
A: horns 2, high mp 1
a: End Transformation


You were on level 1 of the Dungeon.
You were not hungry.
You had grown temporary horns.
You visited 1 branch of the dungeon, and saw 1 of its levels.

You collected 51 gold pieces.

Inventory:

Hand Weapons
 e - a +0 dagger (weapon)
   (You found it on level 1 of the Dungeon)
Missiles
 a - 12 arrows
Armour
 b - a +0 robe (worn)
Jewellery
 f - an amulet of harm (around neck)
   (You found it on level 1 of the Dungeon)
Scrolls
 c - a scroll of identify {unknown}
 g - a scroll of blinking {unknown}
 h - a scroll of remove curse {unknown}
 i - a scroll of amnesia {unknown}
Comestibles
 d - a ration


   Skills:
 - Level 0.8 Fighting
 - Level 1.7 Dodging
 - Level 2.6 Unarmed Combat
 - Level 1.7 Spellcasting
 + Level 3.0 Transmutations


You had one spell level left.
You knew the following spells:

 Your Spells              Type           Power        Failure   Level  Hunger
a - Beastly Appendage     Tmut           ##....       6%          1    #......
s - Sticks to Snakes      Tmut           ##......     9%          2    ###....

Your spell library contained the following spells:

 Spells                   Type           Power        Failure   Level  Hunger
 Spider Form              Tmut/Pois      #.........   32%         3    ###....
 Ice Form                 Ice/Tmut       #.......     71%         4    #####..
 Blade Hands              Tmut           ##........   85%         5    ######.


Dungeon Overview and Level Annotations

Branches:
Dungeon (1/15)


Innate Abilities, Weirdness & Mutations

You have an increased reservoir of magic. (+10% MP)
You have a pair of horns on your head.


Message History

You now have 26 gold pieces (gained 8).
A ball python comes into view.
The ball python hisses angrily.
A ball python is nearby!
A goblin comes into view.
MP restored: 7 You hit the ball python.
You kill the ball python!
No target in view!
Your talons disappear.
The goblin is too close now for your liking.
You see here 10 gold pieces.
A goblin is nearby!
Your feet morph into talons.
You now have 6/7 mp.
The goblin misses you.
You hit the goblin but do no damage. The goblin hits you.
You take 1 damage, and have 21/22 hp.
You hit the goblin.
You kill the goblin!
You now have 36 gold pieces (gained 10).
Your transformation is almost over.
A rat comes into view.
MP restored: 7 A rat is nearby!
A giant cockroach comes into view.
The rat barely misses you.
You hit the rat.
You kill the rat!
Your talons disappear.
You see here a rat corpse.
The giant cockroach completely misses you.
Health restored: 22 You barely miss the giant cockroach.
The giant cockroach barely misses you.
You hit the giant cockroach.
You kill the giant cockroach!
No target in view!
No target in view!
No target in view!
No target in view!
e - a +0 dagger (weapon)
You see here a rat corpse.
You see here a hunting sling.
A hobgoblin comes into view. It is wielding a +0 club.
You see here a scroll labeled YCKUAM HOGIER.
Unknown command.
Found 15 gold pieces.
Found a stone staircase leading down.
Your feet morph into talons.
You now have 6/7 mp.
The helpless hobgoblin fails to defend itself.
You hit the hobgoblin. You claw the hobgoblin.
You kill the hobgoblin!
Your transformation is almost over.
You drop a +0 club.
Things that are here:
a +0 club; a hobgoblin corpse Memorise Sticks to Snakes, consuming 2 spell levels and leaving 1?
You start memorising the spell.
You continue memorising. x2
You finish memorising.
Spell assigned to 's'.
MP restored: 7 You now have 42 gold pieces (gained 6).
Your talons disappear.
You now have 51 gold pieces (gained 9).
There is a stone staircase leading down here.
g - a scroll labeled YCKUAM HOGIER A leopard gecko comes into view.
The leopard gecko hisses angrily.
You hear a shout!
A kobold comes into view. It is wielding a +0 short sword.
The kobold shouts!
A hobgoblin comes into view. It is wielding a +0 club.
You grow a pair of large bovine horns.
You now have 6/7 mp.
The leopard gecko bites you. The leopard gecko barely misses you.
You take 4 damage, and have 18/22 hp.
You hit the leopard gecko but do no damage.
Your headbutt misses the leopard gecko. The leopard gecko bites you.
You take 1 damage, and have 17/22 hp.
You hit the leopard gecko. You headbutt the leopard gecko.
The leopard gecko barely misses you.
The leopard gecko hisses menacingly.
The leopard gecko bites you but does no damage.
You hit the leopard gecko.
You kill the leopard gecko!
Your Transmutations skill increases to level 3!
Your transformation is almost over.
The kobold throws a stone.
The stone hits you.
You take 2 damage, and have 15/22 hp.
The kobold throws a stone.
The stone closely misses you. The kobold closely misses you.
MP restored: 7 You barely miss the kobold.
The kobold hits you with a +0 short sword.
You take 3 damage, and have 12/22 hp.
You barely miss the kobold. Your headbutt misses the kobold.
The kobold hits you with a +0 short sword.
You take 5 damage, and have 7/22 hp.
MASSIVE DAMAGE!!
You closely miss the kobold.
The kobold hits you with a +0 short sword.
You die...

.. #.# #..# .# #.#
#..# .#
####.####..#
.#####.......#..#
.......).....#..#
......)......#..##
.##)............g#
.##.##.....>.#.#K#
....##.......#.#@#
######.......#.#(#
#.##.####.#.#
######.#..^.##.#.#
.......##.#.##.#.#
.....#.####.##.#.#
####.#.# #.##.#(#
#.#)# #.##.#.#
##.#.####.#....#


You could see a hobgoblin and a kobold.

Vanquished Creatures
  A dart slug (D:1)
  A leopard gecko (D:1)
  3 bats (D:1)
  2 giant cockroaches (D:1)
  3 goblins (D:1)
  A hobgoblin (D:1)
  A kobold (D:1)
  A ball python (D:1)
  2 frilled lizards (D:1)
  2 rats (D:1)
17 creatures vanquished.

Notes
Turn   | Place    | Note
-------+----------+-------------------------------------------
     0 | D:1      | mhoghedin the Demigod Transmuter began the quest for the
                  | Orb.
     0 | D:1      | Reached XP level 1. HP: 15/15 MP: 5/5
    62 | D:1      | Reached skill level 2 in Transmutations
   241 | D:1      | Reached XP level 2. HP: 22/22 MP: 5/7
   490 | D:1      | Learned a level 2 spell: Sticks to Snakes
   574 | D:1      | Reached skill level 3 in Transmutations
   579 | D:1      | Slain by a kobold

Levels and vault maps discovered:
D:1:      sevenhm_arrival_forest_fort_large_2, layout_loops_ring

Skill      XL: |  1  2 |
---------------+-------+-----
Transmutations | 2 3 |  3.0
Fighting       | |  0.8
Dodging        | |  1.7
Unarmed Combat | |  2.6
Spellcasting   | |  1.7

Action                   || total
-------------------------++-------
Melee: Unarmed           ||    30
       Dagger            ||     7
       Kick              ||     3
       Headbutt          ||     1
 Cast: Beastly Appendage ||     5
 Stab: Sleeping          ||     1
Armor: Robe              ||     5
Dodge: Dodged            ||    24

Table legend:
 A = Non-vault XP
 B = Vault XP
 C = Vault XP percentage of total XP
 D = Non-vault monster count
 E = Vault monster count
 F = Vault count percentage of total count
                 A         B        C        D         E       F
            +---------+---------+-------+---------+---------+-------
      Total |      30 |       0 |   0.0 |      17 |       0 |   0.0
            +---------+---------+-------+---------+---------+-------
        D:1 |      30 |       0 |   0.0 |      17 |       0 |   0.0
            +---------+---------+-------+---------+---------+-------

Levels and vault maps discovered:
D:1:      sevenhm_arrival_forest_fort_large_2, layout_loops_ring

Table legend:
 A = Turns spent in this place as a percentage of turns spent in the entire game.
 B = Non-inter-level travel turns spent in this place as a percentage of non-inter-level travel turns spent in the entire game.
 C = Inter-level travel turns spent in this place as a percentage of turns spent in this place.
 D = Turns resting spent in this place as a percentage of non-inter-level travel turns spent in this place.
 E = Turns spent auto-exploring this place as a percentage of non-inter-level travel turns spent in this place.
 F = Non-inter-level travel turns spent in this place divided by the number of levels of this place that you've seen.
                   A       B       C       D       E      F
               +-------+-------+-------+-------+-------+----------------------
         Total | 100.0 | 100.0 |   0.0 |   0.0 |  79.6 | 579.0
       Dungeon | 100.0 | 100.0 |   0.0 |   0.0 |  79.6 | 579.0
               +-------+-------+-------+-------+-------+----------------------

Table legend:
 A = Kills in this place as a percentage of kills in entire the game.
 B = Kills by you in this place as a percentage of kills by you in the entire game.
 C = Kills by friends in this place as a percentage of kills by friends in the entire game.
 D = Other kills in this place as a percentage of other kills in the entire game.
 E = Experience gained in this place as a percentage of experience gained in the entire game.
 F = Experience gained in this place divided by the number of levels of this place that you have seen.
                   A       B       C       D       E      F
               +-------+-------+-------+-------+-------+----------------------
         Total | 100.0 | 100.0 |   N/A |   N/A | 100.0 |  30.0
       Dungeon | 100.0 | 100.0 |   N/A |   N/A | 100.0 |  30.0
               +-------+-------+-------+-------+-------+----------------------
